 Dungeon Crawl Stone Soup version 0.23.1-37-gaa34b87b72 (webtiles) character file.

Game seed: 2218402782039145138

768 PentaManta the Nimble (level 7, -2/56 HPs)
             Began as a Merfolk Chaos Knight on Mar 19, 2019.
             Was a Plaything of Xom.
             Killed from afar by Sigmund (10 damage)
             ... with a wand of flame (24)
             ... on level 6 of the Dungeon.
             The game lasted 00:15:49 (4468 turns).

PentaManta the Nimble (Merfolk Chaos Knight)        Turns: 4468, Time: 00:15:50

Health: -2/56      AC: 10    Str: 12      XL:     7   Next: 82%
Magic:  7/7        EV: 12    Int: 12      God:    Xom [....*.]
Gold:   507        SH:  0    Dex: 12 (13) Spells: 6/6 levels left

rFire    . . .     SeeInvis .   a - +1 spear (chaos)
rCold    + . .     Gourm    .   (no shield)
rNeg     . . .     Faith    .   f - +1 scale mail {rPois}
rPois    +         Spirit   .   l - +0 helmet
rElec    .         Reflect  .   g - +0 cloak
rCorr    .         Harm     .   (no gloves)
MR       .....                  u - +0 pair of boots
Stlth    ..........             (no amulet)
HPRegen  0.00/turn              (no ring)
MPRegen  0.10/turn              y - ring of wizardry

@: cleaving
A: change form in water, swift swim, stealthy swim, cold resistance 1,
deterioration 1, inhibited regeneration, weak 1
a: Renounce Religion


You were on level 6 of the Dungeon.
You worshipped Xom.
You were a beloved toy of Xom.
You were hungry.

You visited 2 branches of the dungeon, and saw 7 of its levels.

You collected 669 gold pieces.
You spent 162 gold pieces at shops.

Inventory:

Hand Weapons
 a - a +1 spear of chaos (weapon)
 m - a +1 trident of flaming
 q - a +1 hunting sling of velocity
Missiles
 b - 2 tomahawks
 r - 206 stones (quivered)
Armour
 f - a +1 scale mail of poison resistance (worn)
 g - a +0 cloak (worn)
 l - a +0 helmet (worn)
 o - a +0 plate armour
 u - a +0 pair of boots (worn)
Jewellery
 y - a ring of wizardry (right hand)
Scrolls
 j - a scroll of remove curse
 t - 4 scrolls of teleportation
Potions
 e - a potion of might
 i - 5 potions of mutation
 n - a potion of agility
 v - 2 potions of brilliance {unknown}
 w - a potion of degeneration {unknown}
 x - 2 potions of lignification
 A - a potion of haste
Comestibles
 c - 12 rations


   Skills:
 + Level 5.5 Fighting
 + Level 7.4 Polearms
 - Level 0.6 Armour
 * Level 8.3 Dodging


You had 6 spell levels left.
You didn't know any spells.
Your spell library was empty.

Dungeon Overview and Level Annotations

Branches:
Dungeon (6/15)             Temple (1/1) D:5

Altars:
Ashenzari
Cheibriados
Dithmenos
Elyvilon
Fedhas
Gozag
Hepliaklqana
Kikubaaqudgha
Makhleb
Nemelex Xobeh
Okawaru
Qazlal
Ru
Trog
Vehumet
Wu Jian
Xom
Zin

Shops:
D:5 (

Annotations:
D:6 Prince Ribbit, Sigmund


Innate Abilities, Weirdness & Mutations

You revert to your normal form in water You are very nimble and swift while swimming.
You are very stealthy in the water. (Stealth+)
Your flesh is cold resistant. (rC+)
Your body sometimes deteriorates upon taking damage.
You do not regenerate when monsters are visible.
You are weak. (Str -2)


Message History

The worker ant barely misses you. The bullfrog zombie misses you.
The bullfrog zombie stops moving altogether!
Your ufetubus hits the bullfrog zombie. x2
Prince Ribbit hits the bullfrog zombie!!
The worker ant bites your white imp.
Your ufetubus hits the bullfrog zombie. x2
You hear a zap.
A puff of flame appears from out of thin air!
The puff of flame hits you.
* * * LOW HITPOINT WARNING * * *
You emit a cloud of colourful smoke!
An adder comes into view.
Found 8 curare-tipped needles.
Your ufetubus hits the bullfrog zombie. x2
The bullfrog zombie is destroyed!
The worker ant misses your white imp.
Your white imp closely misses the worker ant.
You hear a zap.
A puff of flame appears from out of thin air!
The puff of flame hits you!
You die...

......##....
#..........#
#...._.....##
#...........#
#...........####
#.._....a....._##
#......{5<......#
#####._§F......##
#....@5§_....#
#..............
........_.._....#
.......___....##.
.....###.##..:#
..##. ... ...# .
. #S. .(.. #. !..
..


You could see Prince Ribbit (confused), a worker ant, an adder, a friendly white
imp and a friendly ufetubus.

Vanquished Creatures
  The ghost of luab the Stinger, an amateur GnVM (D:5)
  2 scorpions
  A howler monkey (D:4)
  2 hounds
  2 orc priests
  3 orc wizards
  A bullfrog skeleton (D:6)
  A worker ant (D:5)
  Robin (D:3)
  A worker ant zombie (D:5)
  2 adders (D:5)
  A howler monkey skeleton (D:5)
  3 worms
  3 dart slugs
  8 orcs
  4 giant cockroaches
  12 goblins
  4 hobgoblins
  12 jackals
  2 quokkas
  2 ball pythons
  6 bats
  7 frilled lizards
  A jackal zombie (D:5)
  2 kobolds
  A leopard gecko skeleton (D:4)
  4 rats
89 creatures vanquished.

Vanquished Creatures (collateral kills)
  A bullfrog zombie (D:6)
  A hound (D:6)
  A goblin (D:3)
  3 jackals (D:3)
6 creatures vanquished.

Vanquished Creatures (others)
  A howler monkey (D:6)
  An adder (D:5)
  2 jackals
4 creatures vanquished.

Grand Total: 99 creatures vanquished

Notes
Turn   | Place    | Note
-------+----------+-------------------------------------------
     0 | D:1      | PentaManta the Merfolk Chaos Knight began the quest for the
                  | Orb.
     0 | D:1      | Reached XP level 1. HP: 18/18 MP: 1/1
    24 | D:1      | XOM: harmless Conj miscast
   146 | D:1      | Reached skill level 3 in Dodging
   154 | D:1      | XOM: divination: detect creatures
   197 | D:1      | Reached XP level 2. HP: 24/24 MP: 2/2
   399 | D:1      | XOM is BORED!
   399 | D:1      | XOM: noise
   408 | D:1      | Reached XP level 3. HP: 26/29 MP: 3/3
   781 | D:2      | Found an iron altar of Okawaru.
   819 | D:2      | Reached skill level 4 in Dodging
   968 | D:2      | XOM: harmless Summ miscast
  1211 | D:3      | Reached skill level 5 in Polearms
  1291 | D:3      | Noticed Robin
  1293 | D:3      | XOM: summons friendly shadow imp
  1322 | D:3      | Reached XP level 4. HP: 25/37 MP: 4/4
  1327 | D:3      | Killed Robin
  1556 | D:3      | XOM: give mutations
  1556 | D:3      | Gained mutation: Your body sometimes deteriorates upon
                  | taking damage. [Xom's mischief]
  1556 | D:3      | Gained mutation: Your flesh is cold resistant. (rC+) [Xom's
                  | mischief]
  1556 | D:3      | Gained mutation: You do not regenerate when monsters are
                  | visible. [Xom's mischief]
  1556 | D:3      | Gained mutation: You are weak. (Str -2) [Xom's mischief]
  2246 | D:4      | Reached skill level 5 in Dodging
  2246 | D:4      | Reached XP level 5. HP: 34/42 MP: 5/5
  2399 | D:4      | XOM: scenery: create altars
  2416 | D:4      | Reached skill level 6 in Dodging
  2586 | D:4      | XOM: confuse monster(s)
  2596 | D:4      | Reached XP level 6. HP: 43/49 MP: 6/6
  2907 | D:4      | XOM: scenery: create altars
  2963 | D:4      | Got a shimmering mace
  2964 | D:4      | Identified the cursed +0 mace "Waish" {elec, rPois} (You
                  | found it on level 4 of the Dungeon)
  2992 | D:5      | Entered Level 5 of the Dungeon
  2996 | D:5      | Found a runed translucent door.
  3010 | D:5      | Noticed luab's ghost (amateur GnVM)
  3034 | D:5      | Killed luab's ghost
  3034 | D:5      | Reached skill level 5 in Fighting
  3034 | D:5      | Reached skill level 7 in Dodging
  3034 | D:5      | Reached XP level 7. HP: 19/56 MP: 7/7
  3379 | D:5      | Found Tozeifar's Antique Weapon Emporium.
  3406 | D:5      | XOM: scenery: create altars
  3669 | D:5      | Bought a runed trident for 162 gold pieces
  3684 | D:5      | Found a staircase to the Ecumenical Temple.
  3706 | D:5      | XOM: 5-stop teleportation journey
  3747 | Temple   | Entered the Ecumenical Temple
  4073 | D:5      | Found a sacrificial altar of Ru.
  4076 | D:5      | Found a stormy altar of Qazlal.
  4079 | D:5      | Found a shattered altar of Ashenzari.
  4191 | D:5      | Reached skill level 8 in Dodging
  4236 | D:5      | XOM: god gift: 370 gold pieces
  4263 | D:5      | XOM: god gift: curved runed staff {god gift}
  4273 | D:5      | XOM: scenery: create altars
  4439 | D:6      | Noticed Prince Ribbit
  4443 | D:6      | XOM: cleaving
  4452 | D:6      | XOM: divine lightning
  4455 | D:6      | Noticed Sigmund
  4459 | D:6      | XOM: scenery: create altars
  4463 | D:6      | XOM: summons 2 friendly demons
  4467 | D:6      | XOM: smoke on damage
  4468 | D:6      | Killed from afar by Sigmund

Skill      XL: |  1  2  3  4  5  6  7 |
---------------+----------------------+-----
Dodging        | 3 4 5 6 7 8 |  8.3
Polearms       | 5 6 7 |  7.4
Fighting       | 4 5 |  5.5
Armour         | |  0.6

Action                   |  1- 3 |  4- 6 |  7- 9 || total
-------------------------+-------+-------+-------++-------
Melee: Spear             |   138 |   105 |    81 ||   324
       Mace              |       |    20 |    16 ||    36
  Use: Scroll            |       |    13 |     3 ||    16
       Potion            |       |       |     6 ||     6
 Stab: Confused          |     2 |     2 |       ||     4
       Paralysed         |       |     1 |       ||     1
       Petrified         |       |       |     2 ||     2
       Petrifying        |       |       |     1 ||     1
  Eat: Chunk             |     1 |     3 |       ||     4
       Ration            |       |     1 |     1 ||     2
Armor: Scale mail        |    29 |    50 |    39 ||   118
Dodge: Dodged            |    32 |    67 |    58 ||   157
